 Dungeon Crawl Stone Soup version 0.29.1-12-g30fa7ad0bf (webtiles) character file.

Game seed: 14118429531121610544

6066 xzight the Cleaver (level 10, -16/90 HPs)
             Began as a Hill Orc Fighter on Dec 24, 2022.
             Was a High Priest of Okawaru.
             Demolished by a two-headed ogre
             ... wielding a +0 giant spiked club
              (18 damage)
             ... on level 8 of the Dungeon on Dec 25, 2022.
             The game lasted 00:26:00 (10298 turns).

xzight the Cleaver (Hill Orc Fighter)              Turns: 10298, Time: 00:26:01

Health: -16/90     AC: 18    Str: 24    XL:     10   Next: 87%
Magic:  15/15      EV:  6    Int:  8    God:    Okawaru [*****.]
Gold:   513        SH:  5    Dex: 10    Spells: 9/9 levels left

rFire   . . .      SeeInvis .   a - +0 war axe
rCold   . . .      Faith    .   c - +0 buckler
rNeg    . . .      Spirit   .   u - +0 plate armour
rPois   +          Reflect  .   (no helmet)
rElec   .          Harm     .   (no cloak)
rCorr   .          Rampage  .   (no gloves)
Will    .....                   b - +0 pair of boots
Stlth   ..........              (no amulet)
HPRegen 0.25/turn               T - +4 ring of protection
MPRegen 0.14/turn               P - ring of poison resistance

@: about to teleport
A: no striking features
a: Renounce Religion, Heroism, Finesse, Duel


You were on level 8 of the Dungeon.
You worshipped Okawaru.
Okawaru was extremely pleased with you.
You visited 2 branches of the dungeon, and saw 10 of its levels.

You collected 513 gold pieces.


   Skills:
 + Level 8.7 Fighting
 * Level 12.6 Axes
 + Level 7.9 Armour
 + Level 7.9 Shields
 + Level 7.9 Invocations


You had 9 spell levels left.
You didn't know any spells.
Your spell library contained the following spells:

 Spells                   Type           Power      Damage    Failure   Level
 Ensorcelled Hibernation  Hex/Ice        0%         N/A       100%        2
 Ozocubu's Armour         Ice            0%         N/A       100%        3
 Spider Form              Tmut/Pois      0%         N/A       100%        3
 Anguish                  Hex/Necr       0%         N/A       100%        4
 Metabolic Englaciation   Hex/Ice        0%         N/A       100%        5
 Enfeeble                 Hex            0%         N/A       100%        7
 Simulacrum               Ice/Necr       Unusable   N/A       N/A         6

Inventory:

Hand Weapons
 a - a +0 war axe (weapon)
Missiles
 y - 2 throwing nets {=f}
Armour
 b - a +0 pair of boots (worn)
 c - a +0 buckler (worn)
 u - a +0 plate armour (worn)
Jewellery
 P - a ring of poison resistance (right hand)
 T - a +4 ring of protection (left hand)
Wands
 n - a wand of polymorph (7)
Scrolls
 e - a scroll of enchant armour {unknown}
 f - 2 scrolls of teleportation {@r2}
 h - a scroll of poison {unknown}
 j - 2 scrolls of enchant weapon
 k - a scroll of summoning {unknown}
 l - 2 scrolls of magic mapping
 q - a scroll of vulnerability
 s - a scroll of fear {unknown}
 x - a scroll of blinking
Potions
 d - a potion of might
 g - a potion of invisibility
 m - a potion of flight
 o - a potion of haste {@q3}
 p - a potion of lignification
 r - a potion of ambrosia
 t - a potion of brilliance {unknown}
 v - 3 potions of cancellation {unknown}
 w - a potion of mutation {unknown}

Dungeon Overview and Level Annotations

Branches:
Dungeon (9/15)             Temple (1/1) D:4            Lair (0/5) D:8
    Orc: D:9-12

Altars:
Ashenzari
Cheibriados
Dithmenos
Elyvilon
Fedhas
Gozag
Hepliaklqana
Kikubaaqudgha
Makhleb
Nemelex Xobeh
Okawaru
Qazlal
Ru
Sif Muna
Trog
Uskayaw
Vehumet
Wu Jian
Xom
Yredelemnul
Zin
The Shining One

Shops:
D:2 (

Annotations:
D:4 exclusion: upstairs
D:5 3 runed translucent doors, SirLogeyBear's ghost, novice HOBe
D:6 2 runed translucent doors, BillyBaka's ghost, amateur MiHu
D:8 exclusion: upstairs

#..# #######.###. #####..# #.# #.
######......# ######.# #.
#.........K.###########......# #<
#.####.###O.##...O.Y.........# #.
.......###<.##Y########......###.
.!..........##.### #..........
#.###..##......O.# #.....#####
#.# #..###..##.#@# ###.### #.#
#.#.#......#.# #Y# #.#
#...##..#.#..########.# #.#
#.)......###..........#
#.###...###.#.#..##########
†...........##...#
######..######..##
................#
#####..#######..#


You could see a two-headed ogre and a yak.


Message History

There is a stone staircase leading up here.
The yak completely misses you.
You climb upwards.
Level annotation: exclusion: upstairs The two-headed ogre shouts in stereo!
The two-headed ogre hits you but does no damage.
You block the two-headed ogre's attack.
There is a stone staircase leading down here.
Blink to where?
Press: ? - help, Dir - move target
As you read the scroll labelled FALUAL OCEME, it crumbles to dust.
It was a scroll of blinking.
You hit the two-headed ogre but do no damage.
The two-headed ogre completely misses you.
The two-headed ogre hits you but does no damage.
As you read the scroll of teleportation {@r2}, it crumbles to dust.
You feel strangely unstable.
The two-headed ogre attacks as you move away!
The two-headed ogre hits you with a +0 giant spiked club!!
* * * LOW HITPOINT WARNING * * *
The two-headed ogre barely misses you.
The two-headed ogre attacks as you move away!
The two-headed ogre hits you with a +0 giant spiked club!
* * * LOW HITPOINT WARNING * * *
The two-headed ogre closely misses you.
You feel better.
The two-headed ogre hits you with a +0 giant spiked club!
* * * LOW HITPOINT WARNING * * *
The two-headed ogre hits you with a +0 giant club!!
You die...

Skill      XL: |  1  2  3  4  5  6  7  8  9 10 |
---------------+-------------------------------+-----
Axes           | 3 4 5 6 7 9 11 12 | 12.6
Fighting       | 4 5 6 7 8 |  8.7
Armour         | 4 5 6 7 |  7.9
Shields        | 4 5 6 7 |  7.9
Invocations    | 2 3 5 6 7 |  7.9

Action                   |  1- 3 |  4- 6 |  7- 9 | 10-12 || total
-------------------------+-------+-------+-------+-------++-------
Melee: War axe           |   106 |   133 |   356 |   185 ||   780
Invok: Heroism           |       |       |     5 |     3 ||     8
       Finesse           |       |       |       |     1 ||     1
  Use: Scroll            |       |     9 |     6 |     3 ||    18
       Potion            |       |     2 |     3 |     2 ||     7
 Stab: Invisible         |       |       |       |     1 ||     1
       Paralysed         |       |       |       |     1 ||     1
Armor: Scale mail        |    78 |    50 |   119 |       ||   247
       Plate armour      |       |       |    56 |    76 ||   132
Dodge: Dodged            |    67 |    58 |   146 |    56 ||   327
Block: Buckler           |    34 |    28 |    88 |    45 ||   195

Levels and vault maps discovered:
D:1:      dpeg_arrival_water_altar, layout_rooms
D:2:      layout_basic, dreamdust_ecumenical_altar_drowned_temple, serial_shops,
          shop, st_stairs_14
D:3:      layout_loops_corners, chei_slow_surprise
D:4:      layout_loops_cross, minmay_temple_entry_purple_smoke, enter_ossuary_1,
          uniq_sigmund
D:5:      layout_cave_pools, gammafunk_ghost_necromancy, st_stairs_11,
          nicolae_figureground_sparkle, uniq_prince_ribbit1
D:6:      layout_basic, nicolae_elyvilon_temple_path,
          chequers_temple_overflow_minitemple, ebering_ghost_sewer_f,
          uniq_edmund
D:7:      layout_rooms, nemelex_dance_club_becter, enter_bailey_5
D:8:      layout_loops_ring, nicolae_ru_great_annihilating_truth,
          erik_lair_orcish_takeover, grunt_ministairs_14,
          minmay_increasing_density
D:9:      layout_roguey, david_orc_1_choice, uniq_harold
Temple:   dshaligram_water_room_temple

Notes
Turn   | Place    | Note
-------+----------+-------------------------------------------
     0 | D:1      | xzight the Hill Orc Fighter began the quest for the Orb.
     0 | D:1      | Reached XP level 1. HP: 19/19 MP: 1/1
    85 | D:1      | Reached skill level 3 in Axes
    91 | D:1      | Reached XP level 2. HP: 25/27 MP: 2/2
   664 | D:1      | Reached XP level 3. HP: 33/33 MP: 3/3
   806 | D:1      | Found a burning altar of Makhleb.
   848 | D:2      | Found Tiowec's Antique Weapon Shoppe.
   931 | D:2      | Reached skill level 4 in Fighting
  1134 | D:2      | Found a faded altar of an unknown god.
  1174 | D:2      | Reached skill level 4 in Axes
  1425 | D:2      | Reached XP level 4. HP: 40/40 MP: 4/4
  1797 | D:3      | Identified the +5 long sword "Koijydghu" {protect, rF+
                  | Int+4 Stlth-}
  2340 | D:3      | Found a snail-covered altar of Cheibriados.
  2374 | D:4      | Noticed a scorpion
  2518 | D:4      | Noticed an ogre
  2596 | D:4      | Reached skill level 4 in Armour
  2596 | D:4      | Reached skill level 4 in Shields
  2596 | D:4      | Reached XP level 5. HP: 47/47 MP: 5/5
  2646 | D:4      | Reached skill level 5 in Axes
  2932 | D:4      | Found a staircase to the Ecumenical Temple.
  2941 | D:4      | Reached XP level 6. HP: 48/53 MP: 6/6
  2951 | Temple   | Entered the Ecumenical Temple
  2980 | Temple   | Became a worshipper of Warmaster Okawaru
  3121 | D:4      | Reached skill level 5 in Fighting
  3121 | D:4      | Reached skill level 6 in Axes
  3121 | D:4      | Reached skill level 1 in Invocations
  3465 | D:4      | Noticed Sigmund
  3491 | D:4      | Killed Sigmund
  3491 | D:4      | Reached * piety under Okawaru
  3492 | D:4      | Reached skill level 2 in Invocations
  3492 | D:4      | Reached XP level 7. HP: 61/61 MP: 8/8
  3504 | D:4      | You fall into a shaft and drop 3 floors!
  3547 | D:7      | Reached skill level 5 in Armour
  3566 | D:5      | Entered Level 5 of the Dungeon
  3633 | D:5      | Reached skill level 7 in Axes
  3633 | D:5      | Reached skill level 5 in Shields
  4051 | D:5      | Noticed Prince Ribbit
  4060 | D:4      | Reached skill level 3 in Invocations
  4148 | D:5      | Reached XP level 8. HP: 62/70 MP: 10/10
  4614 | D:5      | Found a runed translucent gate.
  4614 | D:5      | Found a runed translucent gate.
  4614 | D:5      | Found a runed translucent gate.
  4615 | D:5      | Noticed SirLogeyBear's ghost (novice HOBe)
  4687 | D:5      | Reached ** piety under Okawaru
  4719 | D:5      | Killed Prince Ribbit
  4720 | D:5      | Reached skill level 6 in Fighting
  4720 | D:5      | Reached skill level 8 in Axes
  4720 | D:5      | Reached skill level 4 in Invocations
  4937 | D:6      | Noticed Edmund
  4955 | D:6      | Killed Edmund
  5171 | D:6      | Identified the +2 robe "Wiseujue" {rC+}
  5648 | D:6      | Reached skill level 9 in Axes
  5660 | D:6      | Found a runed translucent door.
  5684 | D:6      | Found a glowing golden altar of the Shining One.
  5684 | D:6      | Found a faded altar of an unknown god.
  5693 | D:6      | Found an ancient bone altar of Kikubaaqudgha.
  5695 | D:6      | Found a shadowy altar of Dithmenos.
  5697 | D:6      | Found a hazy altar of Hepliaklqana.
  5735 | D:6      | Found a runed translucent door.
  5737 | D:6      | Noticed BillyBaka's ghost (amateur MiHu)
  5954 | D:6      | Reached skill level 6 in Armour
  6097 | D:6      | Found a white marble altar of Elyvilon.
  6225 | D:6      | Reached skill level 6 in Shields
  6225 | D:6      | Reached skill level 5 in Invocations
  6225 | D:6      | Reached XP level 9. HP: 50/78 MP: 12/12
  6397 | D:7      | Noticed a hornet
  6422 | D:7      | Killed a hornet
  6873 | D:6      | Reached skill level 7 in Fighting
  7501 | D:7      | Found a sparkling altar of Nemelex Xobeh.
  7679 | D:7      | Reached skill level 10 in Axes
  7775 | D:8      | Reached *** piety under Okawaru
  7786 | D:8      | Reached skill level 6 in Invocations
  8223 | D:8      | Reached skill level 7 in Shields
  8235 | D:8      | Reached skill level 11 in Axes
  8235 | D:8      | Reached skill level 7 in Armour
  8235 | D:8      | Reached XP level 10. HP: 57/88 MP: 14/14
  8468 | D:8      | Reached **** piety under Okawaru
  8539 | D:8      | Found a staircase to the Lair.
  8573 | D:8      | Found a sacrificial altar of Ru.
  8825 | D:8      | Noticed a two-headed ogre
  8903 | D:8      | Reached skill level 8 in Fighting
  8911 | D:8      | Reached skill level 7 in Invocations
  9248 | D:8      | Noticed a kobold demonologist
  9307 | D:8      | Noticed a rust devil
  9315 | D:8      | Killed a kobold demonologist
  9532 | D:8      | Noticed a two-headed ogre
  9851 | D:8      | Identified the +6 falchion of Yesterday {protect, rElec
                  | rPois Str+4 Stlth+}
 10033 | D:9      | Noticed Harold
 10047 | D:9      | Reached skill level 12 in Axes
 10065 | D:9      | Killed Harold
 10065 | D:9      | Reached ***** piety under Okawaru
 10217 | D:9      | Noticed a two-headed ogre
 10297 | D:8      | HP: 2/90 [two-headed ogre/+0 giant spiked club (13)]
 10298 | D:8      | Demolished by a two-headed ogre

Vanquished Creatures
  Harold (D:9)
  A kobold demonologist (D:8)
  Prince Ribbit (D:5)
  A hornet (D:7)
  Sigmund (D:4)
  7 yaks
  A wyvern (D:8)
  2 wargs (D:8)
  Edmund (D:6)
  A steam dragon (D:8)
  An acid dragon (D:8)
  2 water moccasins
  An orc warrior (D:8)
  A sky beast (D:6)
  2 ogres
  A centaur (D:8)
  A phantom (D:5)
  3 kobold brigands
  3 scorpions
  5 bullfrogs
  A necrophage (D:4)
  8 wights (D:8)
  5 howler monkeys
  An electric eel (D:6)
  6 jellies
  5 hounds
  2 gnoll boudas
  2 orc priests
  An iguana (D:5)
  5 orc wizards
  A mummy (D:3)
  13 gnolls
  4 adders
  A white imp (D:5)
  An ufetubus (D:5)
  3 worms
  16 orcs
  6 ball pythons
  11 endoplasms
  5 giant cockroaches
  9 goblins
  5 hobgoblins
  5 jackals
  6 quokkas
  4 bats
  3 frilled lizards
  14 kobolds
  A rat (D:2)
  A spectral kobold (D:2)
182 creatures vanquished.

Vanquished Creatures (others)
  6 plants
6 creatures vanquished.

Grand Total: 188 creatures vanquished

Table legend: (Time is in decaauts)
 A = Elapsed time spent in this place.
 B = Non-inter-level travel time spent in this place.
 C = Inter-level travel time spent in this place.
 D = Time resting spent in this place.
 E = Time spent auto-exploring this place.
 F = Levels seen in this place.
 G = Mean time per level.
                   A        B        C        D        E       F      G
               +--------+--------+--------+--------+--------+-----+--------+
         Total |  10394 |   9826 |    568 |   2743 |   4660 |  10 | 1039.4 |
       Dungeon |  10245 |   9700 |    545 |   2743 |   4553 |   9 | 1138.3 |
        Temple |    148 |    125 |     23 |      0 |    107 |   1 |  148.0 |
               +--------+--------+--------+--------+--------+-----+--------+

Top non-repeatable levels by time:
     D:6: 2143 daAuts
     D:8: 1982 daAuts
     D:4: 1542 daAuts
     D:7: 1039 daAuts
     D:3: 948 daAuts
     D:1: 854 daAuts
     D:2: 761 daAuts
     D:5: 691 daAuts
     D:9: 282 daAuts
  Temple: 148 daAuts

Table legend:
 A = Non-vault XP
 B = Vault XP
 C = Vault XP percentage of total XP
 D = Non-vault monster count
 E = Vault monster count
 F = Vault count percentage of total count
                 A         B        C        D         E       F
            +---------+---------+-------+---------+---------+-------
      Total |    5232 |    3434 |  39.6 |     144 |      38 |  20.9
            +---------+---------+-------+---------+---------+-------
        D:1 |      35 |       0 |   0.0 |      20 |       0 |   0.0
        D:2 |      45 |       3 |   6.2 |      13 |       2 |  13.3
        D:3 |      24 |      16 |  40.0 |      11 |       1 |   8.3
        D:4 |     661 |     226 |  25.5 |      33 |       1 |   2.9
        D:5 |     332 |     289 |  46.5 |       6 |       3 |  33.3
        D:6 |     618 |     291 |  32.0 |      13 |       4 |  23.5
        D:7 |     686 |     111 |  13.9 |      17 |       6 |  26.1
        D:8 |    1982 |    1620 |  45.0 |      24 |      20 |  45.5
        D:9 |     849 |     878 |  50.8 |       7 |       1 |  12.5
            +---------+---------+-------+---------+---------+-------
